 Dungeon Crawl Stone Soup version 0.29-a0-925-g0a7a3d12f8 (webtiles) character file.

Game seed: 9175797871239531886

54553 IdlyInterested the Severer (level 14, 0/115 HPs)
             Began as a Demonspawn Gladiator on July 28, 2022.
             Was a Believer of Makhleb.
             Slain by an orc warlord
             ... wielding a +1 war axe of freezing
              (25 damage)
             ... on level 1 of the Orcish Mines on July 29, 2022.
             The game lasted 01:14:49 (21998 turns).

IdlyInterested the Severer (Demonspawn Gladiator)  Turns: 21998, Time: 01:14:49

Health: 0/115      AC: 26    Str: 17    XL:     14   Next: 35%
Magic:  14/14      EV: 15    Int: 14    God:    Makhleb [**....]
Gold:   144        SH:  5    Dex: 17    Spells: 13/13 levels left

rFire   . . .      SeeInvis +   I - +7 executioner's axe "Qangaor" {drain, rPois rN+}
rCold   . . .      Faith    .   (shield currently unavailable)
rNeg    + . .      Spirit   .   l - +1 plate armour
rPois   +          Reflect  +   k - +2 helmet {SInv}
rElec   .          Harm     .   B - +2 cloak
rCorr   .          Rampage  .   (gloves unavailable)
Will    +....      Clarity  +   T - +2 pair of boots
Stlth   ..........              z - amulet of reflection
HPRegen 0.29/turn               o - +4 ring of evasion
MPRegen 0.14/turn               s - +4 ring of evasion

@: mighty, studying 3 skills
A: claws 3, demonic guardian 2, powered by pain 2, augmentation 1, big brain 2,
clarity
a: Renounce Religion, Minor Destruction


You were on level 1 of the Orcish Mines.
You worshipped Makhleb.
Makhleb was pleased with you.
You visited 4 branches of the dungeon, and saw 19 of its levels.
You also visited: Ossuary.

You collected 1351 gold pieces.
You spent 1207 gold pieces at shops.

Inventory:

Hand Weapons
 a - a +1 spectral war axe
 G - a +1 morningstar of draining
 I - the +7 executioner's axe "Qangaor" (weapon) {drain, rPois rN+}
   (You acquired it on level 12 of the Dungeon)

   A truly terrible weapon, it drains the life of any living foe it strikes.
   rPois:     It protects you from poison.
   rN:        It protects you from negative energy.
Missiles
 b - 5 boomerangs
 d - 4 throwing nets
 e - 7 javelins
 u - 34 poisoned darts (quivered)
Armour
 k - a +2 helmet of see invisible (worn)
 l - a +1 plate armour (worn)
 r - a +3 leather armour of fire resistance
 B - a +2 cloak (worn)
 O - a +1 scale mail of positive energy
 R - a +4 ring mail of cold resistance
 S - a scarf of repulsion
 T - a +2 pair of boots (worn)
Jewellery
 c - a ring of protection from cold
 i - a ring of fire
 m - a ring of protection from cold
 o - a +4 ring of evasion (left claw)
 p - an amulet of faith
 s - a +4 ring of evasion (right claw)
 z - an amulet of reflection (around neck)
 J - a ring of positive energy
 L - a ring of ice
 M - a ring of positive energy
 N - the ring of Hedonism {rPois rCorr Int-3 Dex+4}
   (You found it on level 6 of the Dungeon)

   [ring of poison resistance]

   Int:       It affects your intelligence (-3).
   Dex:       It affects your dexterity (+4).
   rPois:     It protects you from poison.
   rCorr:     It protects you from acid and corrosion.
 U - a ring of fire
Wands
 x - a wand of iceblast (11)
 C - a wand of paralysis (1)
 H - a wand of flame (35)
 K - a wand of quicksilver (12)
 Z - a wand of polymorph (3)
Scrolls
 f - a scroll of brand weapon
 h - 3 scrolls of enchant weapon
 y - a scroll of fear
 D - 9 scrolls of teleportation
 E - 4 scrolls of fog
 F - 8 scrolls of identify
 P - 4 scrolls of enchant armour
 Q - a scroll of silence
 X - a scroll of magic mapping
 Y - 3 scrolls of blinking
Potions
 g - 3 potions of mutation
 j - a potion of ambrosia
 n - 2 potions of magic
 q - 4 potions of haste
 t - 11 potions of curing
 v - 3 potions of brilliance
 w - a potion of heal wounds
 A - 2 potions of invisibility
 V - 2 potions of flight
 W - a potion of might


   Skills:
 - Level 12.0 Fighting
 + Level 17.2 Axes
 - Level 1.7 Throwing
 * Level 10.6 Armour
 - Level 3.0 Dodging
 - Level 1.0 Stealth
 + Level 7.3 Unarmed Combat
 - Level 3.0 Evocations


You had 13 spell levels left.
You didn't know any spells.
Your spell library contained the following spells:

 Spells                   Type           Power      Damage    Failure   Level
 Sandblast                Erth           0%         2d4       100%        1
 Summon Small Mammal      Summ           0%         N/A       100%        1
 Blink                    Tloc           0%         N/A       100%        2
 Static Discharge         Conj/Air       0%         3-3/arc   100%        2
 Call Canine Familiar     Summ           0%         N/A       100%        3
 Gell's Gravitas          Tloc           0%         N/A       100%        3
 Lesser Beckoning         Tloc           0%         N/A       100%        3
 Portal Projectile        Hex/Tloc       0%         N/A       100%        3
 Summon Guardian Golem    Hex/Summ       0%         N/A       100%        3
 Teleport Other           Tloc           0%         N/A       100%        3
 Corpse Rot               Necr/Pois/Air  0%         N/A       100%        4
 Dispel Undead            Necr           0%         3d6       100%        4
 Hailstorm                Conj/Ice       0%         3d3       100%        4
 Ice Form                 Ice/Tmut       0%         N/A       100%        4
 Leda's Liquefaction      Hex/Erth       0%         N/A       100%        4
 Olgreb's Toxic Radiance  Pois           0%         N/A       100%        4
 Sticky Flame             Conj/Fire      0%         2d3       100%        4
 Borgnjor's Vile Clutch   Necr/Erth      0%         N/A       100%        5
 Manifold Assault         Tloc           0%         N/A       100%        5
 Simulacrum               Ice/Necr       0%         N/A       100%        6
 Ozocubu's Refrigeration  Ice            0%         4d5       100%        7
 Storm Form               Tmut/Air       0%         N/A       100%        7
 Ignition                 Fire           0%         3d3       100%        8
 Lehudib's Crystal Spear  Conj/Erth      0%         10d2      100%        8


Dungeon Overview and Level Annotations

Branches:
Dungeon (12/15)            Temple (1/1) D:7            Lair (5/5) D:10
  Swamp (0/4) Lair:2        Snake (0/4) Lair:3        Slime (0/5) Lair:5
    Orc (1/2) D:12        Ossuary (visited)

Altars:
Ashenzari
Cheibriados
Dithmenos
Fedhas
Gozag
Hepliaklqana
Kikubaaqudgha
Makhleb
Nemelex Xobeh
Okawaru
Qazlal
Ru
Sif Muna
Trog
Uskayaw
Vehumet
Wu Jian
Xom
Yredelemnul

Shops:
D:6 *   D:8 [   D:9 :


Innate Abilities, Weirdness & Mutations

You have claws for hands.
A demonic guardian rushes to your aid.
You sometimes gain power by taking damage.
Your magical and physical power is slightly enhanced at high health.
You have an extremely huge brain. (Int +4)
You possess an exceptional clarity of mind.


Message History

You are confused.
You feel invigorated.
The orc warlord blocks your smoke demon's attack.
Your smoke demon hits the orc warlord but does no damage.
The orc warlord blocks your smoke demon's attack.
The orc warlord closely misses your smoke demon.
The orc warlord hits you but does no damage.
The orc warlord blocks your smoke demon's attack.
Your smoke demon hits the orc warlord but does no damage.
The orc warlord blocks your smoke demon's attack.
Things that are here:
a +0 dagger; a +0 robe of positive energy; an orc corpse The orc warlord closely misses your smoke demon.
The orc warlord blocks your smoke demon's attack. x2
Your smoke demon barely misses the orc warlord.
Unknown command.
The orc warlord hits your smoke demon with a +1 war axe of freezing!!
The orc warlord freezes your smoke demon!
Your smoke demon gestures at the orc warlord.
The ball of steam hits the orc warlord.
The orc warlord barely misses your smoke demon.
Your smoke demon gestures at the orc warlord.
The orc warlord is smitten.
You feel less invigorated.
You feel less confused.
The orc warlord hits your smoke demon with a +1 war axe of freezing.
The orc warlord freezes your smoke demon.
Your smoke demon dies!
Your smoke demon disappears in a puff of smoke!
You hit the orc warlord.
The orc warlord is severely wounded.
The orc warlord hits you with a +1 war axe of freezing!
* * * LOW HITPOINT WARNING * * *
The orc warlord freezes you.
* * * LOW HITPOINT WARNING * * *
The orc warlord closely misses you. The orc warlord blocks your attack.
The orc warlord is severely wounded.
The orc warlord hits you with a +1 war axe of freezing!!
You die...

............#
#.........##
.###......<...#
..#...........#
...#...$......##
.....§§.#).#...#
....§§........##
...§§§§))......#
.§.....†o@.....#
......>.......##
..............#
..............#
......#..$.....#
.$#..###.####.##
# ### ### ##


You could see an orc warlord (drained).

Vanquished Creatures
  The ghost of ptdevnull the Slicer, a journeyman KoHu of Xom (Lair:5)
  3 dire elephants (Lair:5)
  Snorg (Lair:4)
  Erolcha (D:10)
  Erica (Lair:2)
  3 hydras
  The ghost of muata the Fighter, a novice MiBe of Trog (D:8)
  2 two-headed ogres (D:10)
  An ice dragon (Lair:5)
  3 death yaks (Lair:4)
  A spectral anaconda (Lair:5)
  A spectral death yak (Lair:5)
  An obsidian statue (Lair:5)
  A necromancer (Lair:5)
  A bog body (Lair:2)
  2 orc sorcerers (Orc:1)
  3 manticores
  14 elephants
  4 black mambas
  An ice statue (D:8)
  A dire elephant zombie (Lair:5)
  Maggie (D:7)
  17 cane toads
  Psyche (D:8)
  A dire elephant skeleton (Lair:5)
  6 komodo dragons
  5 rime drakes
  2 trolls
  Grinder (D:3)
  3 polar bears
  5 hornets
  The ghost of Hubjo the Changer, an amateur DsTm of Hepliaklqana (D:5)
  11 blink frogs
  2 slime creatures
  5 wyverns
  2 wraiths
  A dire elephant simulacrum (Lair:5)
  40 yaks
  A basilisk (Lair:2)
  3 death yak simulacra (Lair:5)
  4 swamp worms (Lair:3)
  3 wargs (Orc:1)
  5 vampire mosquitoes (D:12)
  A spectral cane toad (Lair:5)
  An acid dragon (D:10)
  14 water moccasins
  6 orc warriors
  2 ice beasts
  2 elephant zombies (Lair:5)
  A black bear (D:6)
  2 sky beasts
  An elephant skeleton (Lair:5)
  15 wolves
  3 centaurs
  5 kobold brigands
  An elf zombie (Ossuary)
  9 bullfrogs
  A gnoll sergeant (D:6)
  A cane toad simulacrum (Lair:5)
  4 scorpions
  A necrophage (D:4)
  A wight (D:8)
  A dream sheep simulacrum (Lair:5)
  A killer bee (D:8)
  An elephant simulacrum (Lair:5)
  A howler monkey (D:7)
  A torpor snail simulacrum (Lair:5)
  2 centaur zombies (Ossuary)
  3 jellies
  A komodo dragon simulacrum (Lair:5)
  A fire crab simulacrum (Lair:5)
  A gnoll bouda (D:6)
  4 orc priests
  Crazy Yiuf (D:3)
  12 orc wizards
  Ijyb (D:3)
  2 hell rats (Lair:5)
  3 ogre zombies (Ossuary)
  7 mummies (Ossuary)
  3 gnolls (D:6)
  4 adders
  6 river rats (Lair:5)
  3 shadow imps
  A white imp (D:7)
  An ufetubus (D:5)
  4 adder zombies (Ossuary)
  2 worms
  A dart slug (D:2)
  43 orcs
  2 endoplasms
  5 giant cockroaches
  6 goblins
  3 hobgoblins
  4 jackals
  16 kobolds
  5 quokkas
  5 ball pythons
  A bat (D:3)
  5 frilled lizards
  5 goblin zombies
  6 hobgoblin zombies (Ossuary)
  2 kobold zombies (Ossuary)
  An orc zombie (Ossuary)
  4 quokka zombies (Ossuary)
  7 rats
  4 rat zombies
  9 briar patches (Lair:3)
439 creatures vanquished.

Vanquished Creatures (collateral kills)
  A dire elephant (Lair:5)
  2 necromancers (Lair:5)
  An elephant (Lair:5)
  A cyclops (D:11)
  A gargoyle (D:12)
  A slime creature (D:12)
  A dire elephant simulacrum (Lair:5)
  2 orc priests (D:12)
10 creatures vanquished.

Vanquished Creatures (others)
  A rime drake (Lair:5)
  A vampire (D:12)
  12 fungi
  16 plants
  23 withered plants (Lair:5)
53 creatures vanquished.

Grand Total: 502 creatures vanquished

Notes
Turn   | Place    | Note
-------+----------+-------------------------------------------
     0 | D:1      | IdlyInterested the Demonspawn Gladiator began the quest for
                  | the Orb.
     0 | D:1      | Reached XP level 1. HP: 16/16 MP: 1/1
   228 | D:1      | Reached skill level 3 in Axes
   455 | D:1      | Gained mutation: You sometimes gain a little power by
                  | taking damage. [demonic ancestry]
   455 | D:1      | Reached XP level 2. HP: 20/22 MP: 2/2
   600 | D:1      | Found a faded altar of an unknown god.
  1140 | D:2      | Gained mutation: You have an unusually large brain. (Int
                  | +2) [demonic ancestry]
  1140 | D:2      | Reached XP level 3. HP: 28/28 MP: 3/3
  1535 | D:2      | Identified the +1 robe "Afagug" {rPois}
  1569 | D:2      | Found an ancient bone altar of Kikubaaqudgha.
  1775 | D:3      | Noticed Ijyb
  1788 | D:3      | Killed Ijyb
  1789 | D:3      | Reached skill level 1 in Armour
  1789 | D:3      | Reached XP level 4. HP: 26/35 MP: 4/4
  1905 | D:3      | Noticed Grinder
  1918 | D:3      | Killed Grinder
  1919 | D:3      | Reached skill level 4 in Axes
  1919 | D:3      | Gained mutation: You have an extremely huge brain. (Int +4)
                  | [demonic ancestry]
  1919 | D:3      | Reached XP level 5. HP: 20/41 MP: 5/5
  1919 | D:3      | Reached XP level 6. HP: 23/47 MP: 6/6
  2181 | D:3      | Found a runed translucent door.
  2182 | D:3      | Noticed Crazy Yiuf
  2870 | D:3      | Killed Crazy Yiuf
  2871 | D:3      | Reached skill level 5 in Axes
  3063 | D:4      | Found a sand-covered staircase.
  3081 | Ossuary  | Entered an ossuary
  3343 | Ossuary  | Gained mutation: You have sharp fingernails. [demonic
                  | ancestry]
  3343 | Ossuary  | Reached XP level 7. HP: 53/54 MP: 7/7
  3586 | Ossuary  | Reached skill level 6 in Axes
  4507 | D:4      | Found a broken altar of Ashenzari.
  4552 | D:4      | Reached skill level 5 in Fighting
  4615 | D:4      | Gained mutation: You possess an exceptional clarity of
                  | mind. [potion of mutation]
  4630 | D:5      | Entered Level 5 of the Dungeon
  4630 | D:5      | Found a transporter.
  4729 | D:5      | Noticed Hubjo's ghost (amateur DsTm)
  4732 | D:5      | Found a transporter.
  5313 | D:5      | Gained mutation: You have very sharp fingernails. [demonic
                  | ancestry]
  5313 | D:5      | Reached XP level 8. HP: 51/64 MP: 8/8
  5581 | D:5      | Killed Hubjo's ghost
  5582 | D:5      | Reached skill level 7 in Axes
  5740 | D:6      | Identified the ring of Hedonism {rPois rCorr Int-3 Dex+4}
  5745 | D:6      | Found Hyalybes's Assorted Antiques.
  6343 | D:6      | Reached skill level 8 in Axes
  6351 | D:6      | Found a bloodstained altar of Trog.
  6900 | D:7      | Reached skill level 5 in Armour
  6900 | D:7      | Reached XP level 9. HP: 56/69 MP: 9/9
  6969 | D:7      | Noticed Maggie
  6991 | D:7      | Killed Maggie
  6999 | D:7      | Reached skill level 9 in Axes
  7309 | D:7      | Reached skill level 1 in Stealth
  7419 | D:7      | Found a radiant altar of Vehumet.
  7505 | D:7      | Reached skill level 1 in Evocations
  7685 | D:7      | Found a staircase to the Ecumenical Temple.
  7694 | Temple   | Entered the Ecumenical Temple
  8053 | D:8      | Found a transporter.
  8054 | D:8      | Noticed a five-headed hydra
  8054 | D:8      | Noticed an ice statue
  8054 | D:8      | Noticed muata's ghost (novice MiBe)
  8065 | D:8      | Found a transporter.
  8198 | D:8      | Noticed Psyche
  8204 | D:8      | Killed Psyche
  8250 | D:8      | Found Aqo Deca's Armour Shoppe.
  8385 | D:8      | Killed a five-headed hydra
  8386 | D:8      | Reached skill level 10 in Axes
  8386 | D:8      | Gained mutation: You have claws for hands. [demonic
                  | ancestry]
  8386 | D:8      | Reached XP level 10. HP: 53/80 MP: 10/10
  8421 | D:8      | Killed muata's ghost
  8694 | D:8      | Killed an ice statue
  9014 | D:8      | Bought a +1 helmet of see invisible for 247 gold pieces
  9091 | D:9      | Reached skill level 11 in Axes
  9301 | D:9      | Found Aniw Pegih's Self-Improvement Boutique.
  9830 | D:10     | Entered Level 10 of the Dungeon
  9832 | D:10     | Noticed Erolcha
  9842 | D:10     | Killed Erolcha
  9843 | D:10     | Gained mutation: A weak demonic guardian rushes to your
                  | aid. [demonic ancestry]
  9843 | D:10     | Reached XP level 11. HP: 53/89 MP: 11/11
 10111 | D:10     | Found a staircase to the Lair.
 10221 | D:10     | Noticed a two-headed ogre
 10231 | D:10     | Killed a two-headed ogre
 10288 | D:10     | Reached skill level 12 in Axes
 10917 | D:10     | Noticed a two-headed ogre
 10926 | D:10     | Killed a two-headed ogre
 11046 | Lair:1   | Entered Level 1 of the Lair of Beasts
 11088 | Lair:1   | Noticed an eight-headed hydra
 11110 | Lair:1   | Killed an eight-headed hydra
 11618 | Lair:1   | Reached skill level 13 in Axes
 12417 | Lair:2   | Gained mutation: You sometimes gain power by taking damage.
                  | [demonic ancestry]
 12417 | Lair:2   | Reached XP level 12. HP: 89/95 MP: 12/12
 12442 | Lair:2   | Got the Grimoire of Unhallowed Liturgies and Geology
 12619 | Lair:2   | Reached skill level 14 in Axes
 13071 | Lair:2   | Found a staircase to the Swamp.
 13083 | Lair:2   | Noticed Erica
 13096 | Lair:2   | Killed Erica
 13098 | Lair:2   | Reached skill level 15 in Axes
 13450 | Lair:2   | You fall into a shaft and drop 1 floor!
 14288 | Lair:3   | Found a staircase to the Snake Pit.
 14397 | Lair:3   | Found a transporter.
 14411 | Lair:3   | Found a transporter.
 15297 | Lair:4   | Reached skill level 16 in Axes
 15308 | Lair:4   | Noticed a death yak
 15319 | Lair:4   | Noticed a death yak
 15324 | Lair:4   | Noticed a death yak
 15335 | Lair:4   | Killed a death yak
 15336 | Lair:4   | Gained mutation: A demonic guardian rushes to your aid.
                  | [demonic ancestry]
 15336 | Lair:4   | Reached XP level 13. HP: 49/101 MP: 13/13
 15360 | Lair:4   | Reached skill level 10 in Fighting
 15939 | Lair:4   | Noticed Snorg
 15953 | Lair:4   | Killed Snorg
 16436 | Lair:5   | Entered Level 5 of the Lair of Beasts
 16532 | Lair:5   | Found a runed translucent gate.
 16533 | Lair:5   | Found a runed translucent gate.
 16534 | Lair:5   | Found a runed translucent gate.
 16579 | Lair:5   | Identified a scroll of acquirement
 16600 | Lair:5   | Acquired a manual of Unarmed Combat
 16639 | Lair:5   | Reached skill level 1 in Unarmed Combat
 16731 | Lair:5   | Noticed ptdevnull's ghost (journeyman KoHu)
 16885 | Lair:5   | Found a staircase to the Slime Pits.
 17395 | Lair:5   | Noticed a dire elephant
 17396 | Lair:5   | Noticed a dire elephant
 17396 | Lair:5   | Noticed a dire elephant
 17399 | Lair:5   | Noticed a dire elephant
 17415 | Lair:5   | Killed a dire elephant
 17428 | Lair:5   | Killed a dire elephant
 18164 | Lair:5   | Reached skill level 5 in Unarmed Combat
 18393 | Lair:5   | Killed a dire elephant
 18402 | Lair:5   | Killed a dire elephant
 19138 | Lair:5   | Killed ptdevnull's ghost
 19139 | Lair:5   | Gained mutation: Your magical and physical power is
                  | slightly enhanced at high health. [demonic ancestry]
 19139 | Lair:5   | Reached XP level 14. HP: 99/115 MP: 14/14
 19169 | Lair:5   | HP: 2/115 [ice dragon (4)]
 19761 | D:9      | Bought a manual of Axes for 960 gold pieces
 19854 | Temple   | Became a worshipper of Makhleb the Destroyer
 20522 | D:11     | Identified the +8 short sword "Uptala" {vorpal, Drain Fly
                  | rCorr Dex+3}
 20665 | D:11     | Reached skill level 10 in Armour
 20846 | D:12     | Found a staircase to the Orcish Mines.
 20877 | D:12     | Reached * piety under Makhleb
 21020 | D:12     | Reached skill level 17 in Axes
 21152 | D:12     | Acquired the +7 executioner's axe "Qangaor" {drain, rPois
                  | rN+}
 21958 | Orc:1    | Entered Level 1 of the Orcish Mines
 21969 | Orc:1    | Noticed an orc warlord
 21985 | Orc:1    | Reached ** piety under Makhleb
 21998 | Orc:1    | Slain by an orc warlord

Illustrated notes

Levels and vault maps discovered:
D:1:      spicycebolla_green_bress_n_ham_2, layout_rooms,
          chequers_ecumenical_altar_simple
D:2:      layout_loops_ring, basic_altar
D:3:      layout_basic, uniq_ijyb, uniq_crazy_yiuf_cottage, uniq_grinder
D:4:      layout_basic, ashenzari_altar_1, enter_ossuary_4
D:5:      layout_loops_cross, gammafunk_ghost_arena, dk_noncrumbling_3
D:6:      layout_loops_ring, minitemple, serial_shops, nicolae_shop_trees,
          nicolae_grassy_gnolls
D:7:      layout_loops_ring, nicolae_vehumet_radiance, lemuel_temple_firewalk_b,
          uniq_maggie
D:8:      layout_rooms, serial_shops, nicolae_lakefront_shop, nzn_ghost_randoct,
          uniq_psyche
D:9:      layout_loops_ring, nicolae_shop_self_help
D:10:     layout_irregular_city, david_lair_shrubbed, uniq_erolcha
D:11:     layout_basic, serial_bayou_crossing
D:12:     layout_loops_ring, david_orc_5, dreamdust_wasp_nest
Temple:   nicolae_temple_no_exploring_needed
Lair:1:   layout_cave_pods, grunt_forest_small_clearing_treed,
          grunt_megastairs_5
Lair:2:   layout_cave_pods, skrybe_swamp_entry_bodies, grunt_megastairs_4,
          uniq_erica
Lair:3:   gammafunk_worm_tunnel, layout_loops_ring, dummy_snake_entry
Lair:4:   layout_misc_corridors, serial_bayou_shore_b, uniq_snorg
Lair:5:   due_jungle_book, layout_regular_city, dpeg_slime_entry_enclosed,
          gammafunk_ghost_icy, kennysheep_rathole
Orc:1:    layout_caves, serial_shops, shop, nicolae_orc_stony_grotto

Skill      XL: |  1  2  3  4  5  6  7  8  9 10 11 12 13 14 |
---------------+-------------------------------------------+-----
Axes           | 3 4 5 6 8 10 11 13 16 17 | 17.2
Fighting       | 3 4 5 6 7 9 12 | 12.0
Armour         | 1 3 5 6 9 10 | 10.6
Stealth        | 1 |  1.0
Evocations     | 1 3 |  3.0
Dodging        | 3 |  3.0
Unarmed Combat | 5 7 |  7.3
Throwing       | |  1.7

Action                   |  1- 3 |  4- 6 |  7- 9 | 10-12 | 13-15 || total
-------------------------+-------+-------+-------+-------+-------++-------
Melee: War axe           |    87 |   147 |   226 |   443 |   316 ||  1219
       Punch             |     2 |     1 |     3 |     7 |    10 ||    23
       Morningstar       |       |       |     7 |    12 |     6 ||    25
       Battleaxe         |       |       |       |       |    69 ||    69
       Executioner's axe |       |       |       |       |    63 ||    63
Throw: Throwing net      |       |     1 |       |       |       ||     1
       Dart              |       |       |     4 |    25 |       ||    29
Evoke: Wand              |       |     1 |       |    20 |     9 ||    30
  Use: Scroll            |     5 |     3 |    15 |     5 |     2 ||    30
       Potion            |       |       |     7 |     5 |     6 ||    18
 Stab: Distracted        |       |       |     1 |     9 |     9 ||    19
       Sleeping          |       |       |     1 |       |       ||     1
Armor: Leather armour    |     7 |       |       |       |       ||     7
       Ring mail         |     9 |       |       |       |     9 ||    18
       Plate armour      |    21 |    49 |    80 |   119 |   149 ||   418
       Steam dragon scal |       |       |    17 |     5 |       ||    22
Dodge: Dodged            |    64 |    39 |   126 |   213 |   240 ||   682
Block: Other             |       |    19 |    53 |    79 |    66 ||   217
       Reflection        |       |       |       |     2 |       ||     2

Table legend: (Time is in decaauts)
 A = Elapsed time spent in this place.
 B = Non-inter-level travel time spent in this place.
 C = Inter-level travel time spent in this place.
 D = Time resting spent in this place.
 E = Time spent auto-exploring this place.
 F = Levels seen in this place.
 G = Mean time per level.
                   A        B        C        D        E       F      G
               +--------+--------+--------+--------+--------+-----+--------+
         Total |  21913 |  19703 |   2210 |   4356 |  10939 |  20 | 1095.7 |
       Dungeon |  12657 |  10925 |   1732 |   1850 |   6693 |  12 | 1054.8 |
        Temple |     17 |      4 |     13 |      0 |      0 |   1 |   17.0 |
          Lair |   8486 |   8022 |    464 |   2506 |   4114 |   5 | 1697.2 |
  Orcish Mines |     40 |     40 |      0 |      0 |      0 |   1 |   40.0 |
       Ossuary |    711 |    711 |      0 |      0 |    131 |   1 |  711.0 |
               +--------+--------+--------+--------+--------+-----+--------+

Top non-repeatable levels by time:
  Lair:5: 3057 daAuts
  Lair:2: 1588 daAuts
  Lair:3: 1536 daAuts
  Lair:1: 1378 daAuts
     D:8: 1308 daAuts
    D:10: 1239 daAuts
     D:3: 1214 daAuts
    D:12: 1130 daAuts
     D:6: 1112 daAuts
     D:7: 1064 daAuts
     D:1: 1038 daAuts
     D:5: 1035 daAuts
     D:2: 946 daAuts
  Lair:4: 924 daAuts
     D:9: 913 daAuts
